 Dungeon Crawl Stone Soup version 0.19.5 (webtiles) character file.

179 LORDOFBUTT the Chopper (level 5, -9/41 HPs)
             Began as a Formicid Fighter on Mar 21, 2017.
             Killed by nerve-wracking pain
             ... invoked by an orc priest
              (14 damage)
             ... on level 4 of the Dungeon.
             The game lasted 00:03:56 (2411 turns).

LORDOFBUTT the Chopper (Formicid Fighter)           Turns: 2411, Time: 00:03:57

Health: -9/41      AC:  8    Str: 26    XL:     5   Next: 90%
Magic:  5/5        EV:  3    Int:  7    God:
Gold:   137        SH: 18    Dex: 11    Spells: 0 memorised, 4 levels left

rFire  . . .     SeeInvis +     a - +0 war axe
rCold  . . .     Gourm    .     b - +0 scale mail
rNeg   . . .     Faith    .     q - +3 large shield
rPois  .         Spirit   .     (helmet unavailable)
rElec  .         Reflect  .     (no cloak)
rCorr  .         Harm     .     (no gloves)
MR     .....                    i - +0 pair of boots
Stlth  ..........               (no amulet)
                                y - -3 ring of evasion (curse)
                                r - ring of flight

@: mighty
A: permanent stasis, dig shafts and tunnels, four strong arms, antennae 3
a: Dig, Shaft Self, Evoke Flight


You were on level 4 of the Dungeon.
You were hungry.

You visited 1 branch of the dungeon, and saw 4 of its levels.

You collected 137 gold pieces.

Inventory:

Hand Weapons
 a - a +0 war axe (weapon)
Armour
 b - a +0 scale mail (worn)
 i - a +0 pair of boots (worn)
 q - a +3 large shield (worn)
Jewellery
 c - a +4 ring of evasion
 r - a ring of flight (left hand)
 s - an uncursed ring of fire
 y - a cursed -3 ring of evasion (right hand)
Scrolls
 e - 5 scrolls of teleportation
 p - 2 scrolls of recharging
 u - 3 scrolls of fog
Potions
 d - a potion of might
 n - 2 potions of curing {unknown}
 t - 2 potions of heal wounds {unknown}
 x - a potion of magic {unknown}
 z - a potion of beneficial mutation {unknown}
 A - 2 potions of mutation {unknown}
 B - a potion of berserk rage {unknown}
Comestibles
 f - 3 bread rations
 g - 7 fruits
 k - 2 beef jerkies
 l - 2 slices of pizza
 m - a royal jelly
 w - a meat ration


   Skills:
 - Level 3.2 Fighting
 * Level 4.9 Axes
 - Level 3.2 Armour
 + Level 4.8 Shields


You had 4 spell levels left.
You didn't know any spells.

Dungeon Overview and Level Annotations

Branches:
Dungeon (4/15)
 Temple: D:4-7

Altars:
Elyvilon
Makhleb
Nemelex Xobeh
Okawaru
Qazlal
Ru
Trog
Uskayaw
Xom
Zin


Innate Abilities, Weirdness & Mutations

You are under a permanent stasis effect.
You can dig through walls and to a lower floor.
Your four strong arms can wield two-handed weapons with a shield.
You have a pair of large antennae on your head. (SInv)


Message History

The orc priest miscasts a cantrip.
You block the orc's attack. You block the orc priest's attack.
You barely miss the orc priest. You block the orc's attack.
The orc priest completely misses you. The orc hits you but does no damage.
You barely miss the orc priest. You block the orc priest's attack.
The orc hits you but does no damage. The orc priest hits you.
* * * LOW HITPOINT WARNING * * *
You slash the orc priest!
The orc priest is almost dead.
You block the orc's attack. You block the orc priest's attack.
You closely miss the orc priest.
The orc priest is almost dead.
You block the orc's attack. You block the orc priest's attack.
You block the orc's attack.
The orc priest hits you but does no damage.
You closely miss the orc priest.
The orc priest is almost dead.
The orc priest invokes the aid of Beogh against you.
Pain shoots through your body!
You die...

### #.# ##.# #..#
######
#..###.....#
#<.........#
###..........#
##......o......
#......@.......
#.......))).....<
##........o......
#...............
#...............
#...............
#..............#
#.............#


You could see an orc priest and an orc.

Vanquished Creatures
  An orc priest (D:3)
  4 gnolls (D:3)
  An adder (D:3)
  An ooze (D:3)
  2 worms (D:3)
  4 leopard geckos
  8 orcs
  4 giant cockroaches
  6 goblins
  5 hobgoblins
  2 jackals (D:1)
  4 kobolds
  5 bats
  4 frilled lizards
  38 rats
89 creatures vanquished.

Notes
Turn   | Place    | Note
-------+----------+-------------------------------------------
     0 | D:1      | LORDOFBUTT the Formicid Fighter began the quest for the Orb.
     0 | D:1      | Reached XP level 1. HP: 18/18 MP: 1/1
    61 | D:1      | Reached XP level 2. HP: 5/24 MP: 2/2
   407 | D:1      | Reached XP level 3. HP: 22/29 MP: 3/3
   957 | D:2      | Found a hide-covered altar of Uskayaw.
   958 | D:2      | Found a sacrificial altar of Ru.
   958 | D:2      | Found a white marble altar of Elyvilon.
   960 | D:2      | Found an iron altar of Okawaru.
   960 | D:2      | Found a stormy altar of Qazlal.
   962 | D:2      | Found a bloodstained altar of Trog.
   964 | D:2      | Found a burning altar of Makhleb.
  1400 | D:2      | Reached XP level 4. HP: 33/35 MP: 4/4
  1574 | D:3      | Found a sparkling altar of Nemelex Xobeh.
  1610 | D:3      | Found a faded altar of an unknown god.
  1633 | D:3      | Reached XP level 5. HP: 39/41 MP: 5/5
  1769 | D:3      | Found a glowing silver altar of Zin.
  1769 | D:3      | Found a shimmering altar of Xom.
  1770 | D:3      | Noticed an angel
  2411 | D:4      | Killed from afar by an orc priest

Skill      XL: |  1  2  3  4 |
---------------+-------------+-----
Shields        | 4 |  4.8
Axes           | 3 4 |  4.9
Fighting       | |  3.2
Armour         | |  3.2

Action                   |  1- 3 |  4- 6 || total
-------------------------+-------+-------++-------
Melee: War axe           |   146 |   151 ||   297
  Use: Scroll            |       |     6 ||     6
       Potion            |       |     1 ||     1
  Eat: Chunk             |     2 |     3 ||     5
Armor: Scale mail        |    48 |    46 ||    94
Dodge: Dodged            |    38 |    20 ||    58
Block: Shield            |    54 |       ||    54
       Large shield      |    36 |   140 ||   176
